 Dungeon Crawl Stone Soup version 0.27.0-1-g7a089689b8 (webtiles) character file.

Game seed: 12076865458267957718

112051 tilp the Unseen (level 17, -10/102 HPs)
             Began as a Kobold Delver on Aug 4, 2021.
             Was the Champion of Zin.
             Mangled by a six-headed hydra (11 damage)
             ... while paralysed by a fenstrider witch
             ... on level 1 of the Swamp.
             The game lasted 01:14:58 (33893 turns).

tilp the Unseen (Kobold Delver)                    Turns: 33893, Time: 01:14:59

Health: -10/102    AC: 19    Str: 11    XL:     17   Next: 14%
Magic:  28/28      EV:  3    Int: 12    God:    Zin [******]
Gold:   1113       SH:  0    Dex: 21    Spells: 19/24 levels left

rFire    + + .     SeeInvis +   b - +4 scimitar (flame)
rCold    + + +     Faith    .   L - +1 buckler {reflect}
rNeg     + . .     Spirit   .   R - +4 skin of Zhor {*Englaciate rC+++ SInv}
rPois    .         Reflect  +   D - +1 helmet
rElec    .         Harm     .   (no cloak)
rCorr    .         Rampage  .   Y - +1 pair of gloves
Will     +....                  t - +0 pair of boots
Stlth    ++++++++..             H - amulet of regeneration
HPRegen  1.27/turn              Q - ring of the Tortoise {AC+8}
MPRegen  0.21/turn              X - ring of Wuhungaf {rF++ rN+ Slay+3}

@: paralysed, lethally poisoned (-10 -> -11)
A: small, no large weapons, nightstalker 3
a: Renounce Religion, Recite, Vitalisation, Imprison, Sanctuary, Donate Gold


You were on level 1 of the Swamp.
You worshipped Zin.
Zin was exalted by your worship.
You visited 5 branches of the dungeon, and saw 25 of its levels.
You also visited: Ice Cave.

You collected 3079 gold pieces.
You spent 1755 gold pieces at shops.
You donated 211 gold pieces to Zin.

Inventory:

Hand Weapons
 a - a +3 dagger of freezing
 b - a +4 scimitar of flaming (weapon)
 y - a +1 dagger of venom
 A - a +2 dagger of flaming
 M - the +5 long sword "Sadgh" {speed, Drain rElec rF+++ Str+3}
   (You found it on level 5 of the Lair of Beasts)

   Attacks with this weapon are significantly faster.
   Str:       It affects your strength (+3).
   rF:        It renders you almost immune to fire.
   rElec:     It insulates you from electricity.
   Drain:     It drains your maximum health when unequipped.
Missiles
 o - 4 boomerangs of dispersal
 C - 42 poisoned darts (quivered)
 E - 13 curare-tipped darts
 J - 29 boomerangs
Armour
 t - a +0 pair of boots (worn)
 D - a +1 helmet (worn)
 L - a +1 buckler of reflection (worn)
 R - the +4 skin of Zhor (worn) {*Englaciate rC+++ SInv}
   (You bought it in a shop on level 3 of the Dungeon)

   It radiates cold, occasionally slowing all nearby creatures who are not
   resistant to cold.
   rC:        It renders you almost immune to cold.
   SInv:      It lets you see invisible.
 Y - a +1 pair of gloves (worn)
Jewellery
 s - a ring of flight
 w - a ring of poison resistance
 F - a +6 ring of strength
 H - an amulet of regeneration (around neck)
 Q - the ring of the Tortoise (left hand) {AC+8}
   (You found it on level 6 of the Lair of Beasts)

   [ring of protection]

   AC:        It affects your AC (+8).
 W - a ring of resist corrosion
 X - the ring of Wuhungaf (right hand) {rF++ rN+ Slay+3}
   (You took it off a necromancer in an ice cave)

   [ring of positive energy]

   Slay:      It affects your accuracy & damage with ranged weapons and melee
   (+3).
   rF:        It greatly protects you from fire.
   rN:        It protects you from negative energy.
Wands
 g - a wand of digging (20)
 k - a wand of paralysis (15)
 v - a wand of mindburst (43)
 K - a wand of flame (74)
 N - a wand of iceblast (39)
Scrolls
 c - 3 scrolls of identify
 d - a scroll of magic mapping
 e - 4 scrolls of fear
 h - 4 scrolls of fog
 i - 5 scrolls of amnesia
 n - 2 scrolls of enchant weapon
 P - 6 scrolls of teleportation
 U - a scroll of blinking
 Z - a scroll of silence
Potions
 f - 3 potions of berserk rage
 j - 2 potions of resistance
 m - 7 potions of ambrosia
 p - 6 potions of heal wounds
 q - 8 potions of curing
 r - a potion of cancellation
 u - 4 potions of brilliance
 x - 2 potions of might
 z - 3 potions of haste
 B - 2 potions of attraction
 O - 8 potions of flight
 T - 2 potions of magic
Miscellaneous
 l - a phantom mirror


   Skills:
 - Level 10.0 Fighting
 - Level 10.0(12.9) Short Blades
 - Level 9.1(10.0) Long Blades
 - Level 12.0 Dodging
 - Level 18.0 Stealth
 - Level 4.0 Shields
 - Level 4.0 Spellcasting
 - Level 8.0 Hexes
 - Level 4.0 Ice Magic
 - Level 15.0 Invocations
 + Level 9.3 Evocations


You had 19 spell levels left.
You knew the following spells:

 Your Spells              Type           Power      Damage    Failure   Level
a - Ensorcelled Hibernat  Hex/Ice        32%        N/A       3%          2
b - Tukima's Dance        Hex            21%        N/A       2%          3

Your spell library contained the following spells:

 Spells                   Type           Power      Damage    Failure   Level
 Corona                   Hex            23%        N/A       1%          1
 Frozen Ramparts          Ice            24%        1d4       14%         3
 Summon Guardian Golem    Hex/Summ       12%        N/A       14%         3
 Magic Dart               Conj           8%         1d3       26%         1
 Sandblast                Erth           4%         2d4       26%         1
 Summon Small Mammal      Summ           8%         N/A       26%         1
 Call Imp                 Summ           2%         N/A       36%         2
 Passwall                 Tmut/Erth      1%         N/A       36%         2
 Fulminant Prism          Conj/Hex       6%         3d7       43%         4
 Leda's Liquefaction      Hex/Erth       6%         N/A       43%         4
 Call Canine Familiar     Summ           2%         N/A       58%         3
 Conjure Flame            Conj/Fire      2%         6-21      58%         3
 Mephitic Cloud           Conj/Pois/Air  2%         N/A       58%         3
 Ice Form                 Ice/Tmut       7%         N/A       73%         4
 Summon Ice Beast         Ice/Summ       7%         N/A       73%         4
 Yara's Violent Unravell  Hex/Tmut       6%         3d5       80%         5
 Airstrike                Air            1%         N/A       94%         4
 Passage of Golubria      Tloc           N/A        N/A       94%         4
 Summon Lightning Spire   Summ/Air       2%         N/A       94%         4
 Bolt of Magma            Conj/Fire/Erth 1%         4d4       100%        5
 Lee's Rapid Deconstruct  Erth           1%         3d5*      100%        5
 Lightning Bolt           Conj/Air       1%         1d12      100%        5
 Statue Form              Tmut/Erth      1%         N/A       100%        6
 Chain Lightning          Conj/Air       1%         3d1       100%        9


Dungeon Overview and Level Annotations

Branches:
Dungeon (15/15)            Temple (1/1) D:6            Lair (6/6) D:10
  Swamp (1/4) Lair:4       Spider (0/4) Lair:3        Slime (0/5) Lair:6
    Orc (2/2) D:11            Elf (0/3) Orc:2        Vaults (0/5) D:13
 Depths (0/5) D:15          IceCv (visited)

Altars:
Ashenzari
Fedhas
Nemelex Xobeh
Uskayaw
Zin
Beogh
Jiyva
Lugonu

Shops:
D:3 [   D:12 *   D:14 [   Orc:2 [!*!

Portals:
Abyss: Lair:6
Trove: D:10 (give 7 potions of haste)

Annotations:
D:4 2 transporters
Lair:3 exclusion: orb spider
Lair:5 1 runed translucent door, exclusion: oklob plant, Hairutzoic's ghost, journeyman MiBe
Lair:6 1 runed translucent door


Innate Abilities, Weirdness & Mutations

You are small and have problems with some larger weapons.
You are completely attuned to the shadows.


Message History

The six-headed hydra bites you! x2
You block the six-headed hydra's attack.
The six-headed hydra bites you. x2; The six-headed hydra barely misses you.
You enter the shallow water.
Moving in this stuff is going to be slow.
You radiate an aura of cold.
The six-headed hydra resists.
The fenstrider witch resists.
The swamp dragon resists.
You feel very sick.
The six-headed hydra is no longer moving slowly.
The fenstrider witch gestures at you while chanting.
The toxic sludge misses you.
Blink to where?
Press: ? - help, Dir - move target, f - you
Okay, then.
Blink to where?
Press: ? - help, Dir - move target
As you read the scroll of blinking, it crumbles to dust.
You feel very sick.
Found a potion of curing.
Unknown command.
You feel sick.
You feel sick.
The fenstrider witch casts a spell at you.
You suddenly lose the ability to move!
You feel sick.
The fenstrider witch looks more healthy.
You feel sick. x2
The six-headed hydra bites you!
* * * LOW HITPOINT WARNING * * *
The six-headed hydra barely misses you. The six-headed hydra bites you!
* * * LOW HITPOINT WARNING * * *
The six-headed hydra bites you but does no damage. x2
The six-headed hydra bites you!
* * * LOW HITPOINT WARNING * * *
You feel sick. The six-headed hydra bites you!
* * * LOW HITPOINT WARNING * * *
The six-headed hydra bites you! Zin protects you from harm!
The six-headed hydra bites you!
You die...

≈≈≈≈..≈≈≈.≈D≈≈≈..°≈§
♣.....§....≈≈≈≈≈≈°○.
.♣♣♣..≈≈.§≈≈≈≈≈(..>.
♣...≈≈.≈≈.$≈....≈≈
♣♣♣§......≈♣..≈♣≈≈.
♣♣≈≈≈.....♣♣.♣.≈♣♣..
≈≈.♣♣..♣..≈♣♣≈♣ ♣♣
≈≈.≈.≈.HD≈≈♣
≈≈≈≈≈≈..≈.@≈≈≈.♣
.≈≈≈≈≈.....≈≈≈♣.!
.§≈≈≈≈≈...≈≈≈♣.♣.
.≈≈≈≈≈≈.♣≈....♣♣
..≈§....♣♣.≈...
≈.......♣♣♣...
♣♣♣♣♣♣♣≈.....
♣≈≈≈≈.. ♣♣♣♣♣♣.≈..♣


You could see a six-headed hydra and a fenstrider witch.

Vanquished Creatures
  Rupert (Orc:2)
  An orc warlord (Orc:2)
  A stone giant (D:15)
  Nessos (Orc:2)
  11 hydras
  Fannar (D:11)
  4 boulder beetles
  2 catoblepae
  3 centaur warriors (D:15)
  6 two-headed ogres
  3 thrashing horrors (Lair:6)
  3 death yaks
  2 tengu warriors (D:15)
  Urug (Lair:3)
  4 orc high priests (Orc:2)
  Sonja (Lair:2)
  9 skeletal warriors
  The ghost of stickyfingers the Basher, a novice BaCK of Xom (D:8)
  A spriggan druid (Swamp:1)
  A wizard (D:14)
  A lindwurm (Lair:6)
  A deep elf pyromancer (D:13)
  2 necromancers
  5 orc knights
  28 ugly things
  5 cyclopes
  5 orc sorcerers (Orc:2)
  A manticore (D:12)
  A will-o-the-wisp (Swamp:1)
  2 centaur zombies
  A guardian serpent (shapeshifter) (D:15)
  2 torpor snails
  3 black mambas
  An ice statue (IceCv)
  2 gargoyles (D:13)
  3 smoke demons (Lair:6)
  14 cane toads
  4 rime drakes
  10 komodo dragons
  4 kobold demonologists (D:12)
  3 anaconda simulacra (IceCv)
  2 efreet (D:14)
  2 freezing wraiths (IceCv)
  2 entropy weaver simulacra (IceCv)
  An ancient zyme (Lair:6)
  10 ice devils (IceCv)
  A queen bee (Orc:1)
  6 trolls
  2 tyrant leeches (Swamp:1)
  Grinder (D:4)
  A wolf spider simulacrum (D:15)
  5 slime creatures (D:15)
  4 polar bears
  9 dream sheep
  18 blink frogs
  2 large abominations (Lair:6)
  4 dire elephant simulacra (IceCv)
  2 spriggans (Lair:6)
  A ynoxinul (Lair:6)
  A human (shapeshifter) (D:14)
  34 yaks
  6 wyverns
  4 fire bats (Lair:3)
  3 wraiths
  A fire elemental (Lair:3)
  6 basilisks
  4 chaos spawn (Lair:6)
  3 steam dragons
  5 death yak simulacra
  4 vampire mosquitoes (D:12)
  A harpy simulacrum (IceCv)
  2 swamp worms (Swamp:1)
  3 acid dragons
  14 water moccasins
  A hell hound (D:15)
  38 orc warriors
  3 black bears
  4 ice beasts
  2 sky beasts
  A hornet zombie (D:7)
  8 necrophages
  19 wolves
  5 centaurs
  12 ogres
  9 small abominations (Lair:6)
  10 bullfrogs
  6 kobold brigands
  A two-headed ogre simulacrum (IceCv)
  3 gnoll sergeants
  A scorpion (D:4)
  A water moccasin zombie (D:5)
  6 cane toad simulacra
  A hornet simulacrum (D:8)
  25 killer bees (Orc:1)
  6 elephant simulacra
  2 electric eels (Lair:1)
  2 howler monkeys
  3 wights
  A lava snake (Lair:3)
  3 hounds
  2 bullfrog zombies
  3 gnoll shamans
  32 orc priests
  A bullfrog skeleton (D:7)
  Jessica (D:3)
  Ijyb (D:4)
  5 hell rats (Lair:6)
  An iguana (D:4)
  24 orc wizards
  5 polar bear simulacra
  A spriggan simulacrum (IceCv)
  3 troll simulacra (IceCv)
  A killer bee zombie (D:4)
  3 wolf simulacra (IceCv)
  A centaur simulacrum (D:8)
  2 hound skeletons (D:4)
  A killer bee simulacrum (D:8)
  A naga simulacrum (IceCv)
  23 gnolls
  A howler monkey skeleton (D:6)
  8 adders
  A shadow imp (D:6)
  3 white imps
  2 worms (D:2)
  2 dart slugs
  102 orcs
  7 endoplasms
  4 goblins
  9 hobgoblins
  6 jackals (D:4)
  5 quokkas
  5 ball pythons
  6 bats
  5 frilled lizards
  25 kobolds
  9 rats
803 creatures vanquished.

Vanquished Creatures (collateral kills)
  A warg (Orc:2)
1 creature vanquished.

Vanquished Creatures (others)
  A shadow imp (D:7)
  An orc (Orc:2)
  A jackal (D:4)
  27 fungi
  4 pillars of salt
  30 plants
64 creatures vanquished.

Grand Total: 868 creatures vanquished

Notes
Turn   | Place    | Note
-------+----------+-------------------------------------------
     0 | D:5      | tilp the Kobold Delver began the quest for the Orb.
     0 | D:5      | Reached XP level 1. HP: 14/14 MP: 1/1
   352 | D:4      | Noticed an ogre
   575 | D:3      | Reached XP level 2. HP: 20/20 MP: 2/2
   876 | D:1      | Reached XP level 3. HP: 24/24 MP: 3/3
  1104 | D:1      | Reached skill level 7 in Stealth
  1968 | D:2      | Reached XP level 4. HP: 29/29 MP: 4/4
  2225 | D:2      | Found a glowing silver altar of Zin.
  2250 | D:2      | Became a worshipper of Zin the Law-Giver
  2701 | D:2      | Found a faded altar of an unknown god.
  3363 | D:3      | Reached XP level 5. HP: 33/33 MP: 5/5
  3394 | D:3      | Found Teeg's Armour Shop.
  3399 | D:3      | Bought a +0 pair of gloves for 63 gold pieces
  3431 | D:3      | Noticed Jessica
  3435 | D:3      | Killed Jessica
  3436 | D:3      | Reached skill level 8 in Stealth
  3436 | D:3      | Reached skill level 1 in Invocations
  3827 | D:4      | Noticed Ijyb
  3843 | D:4      | Killed Ijyb
  4018 | D:4      | Killed an ogre
  4019 | D:4      | Reached XP level 6. HP: 38/38 MP: 7/9
  4109 | D:4      | Reached skill level 1 in Evocations
  4135 | D:4      | Noticed Grinder
  4139 | D:4      | Paralysed by Grinder for 3 turns
  4686 | D:4      | Found a transporter.
  4706 | D:4      | Reached * piety under Zin
  4782 | D:4      | Killed Grinder
  4783 | D:4      | Reached skill level 5 in Invocations
  4783 | D:4      | Reached XP level 7. HP: 26/43 MP: 10/10
  4923 | D:4      | Found a transporter.
  5517 | D:4      | Found a blossoming altar of Fedhas.
  6105 | D:5      | Reached XP level 8. HP: 48/48 MP: 12/12
  6711 | D:6      | Reached skill level 5 in Short Blades
  6946 | D:6      | Reached skill level 9 in Stealth
  7662 | D:6      | Found a staircase to the Ecumenical Temple.
  7731 | Temple   | Entered the Ecumenical Temple
  8122 | D:6      | Reached skill level 10 in Stealth
  8122 | D:6      | Reached XP level 9. HP: 39/52 MP: 13/13
  8241 | D:6      | Reached ** piety under Zin
 11404 | D:4      | Reached skill level 5 in Dodging
 11782 | D:7      | Reached skill level 5 in Fighting
 12308 | D:7      | Reached XP level 10. HP: 60/60 MP: 16/16
 12441 | D:8      | Noticed stickyfingers's ghost (novice BaCK)
 12600 | D:8      | Reached skill level 10 in Invocations
 12771 | D:8      | Found a runed translucent gate.
 12772 | D:8      | Found a runed translucent gate.
 12773 | D:8      | Found a runed translucent gate.
 13782 | D:9      | Reached *** piety under Zin
 14263 | D:3      | Bought a +1 buckler of reflection for 189 gold pieces
 14367 | D:10     | Entered Level 10 of the Dungeon
 14401 | D:10     | Reached skill level 1 in Shields
 14538 | D:10     | Noticed a komodo dragon
 14563 | D:10     | Reached skill level 11 in Stealth
 14563 | D:10     | Reached XP level 11. HP: 64/64 MP: 18/18
 14986 | D:10     | Found a staircase to the Lair.
 15022 | D:10     | Reached **** piety under Zin
 15087 | D:10     | Noticed a skeletal warrior
 15088 | D:10     | Found the +5 scythe "Finisher" {speed, eviscerate}
 15089 | D:10     | Killed a skeletal warrior
 15091 | D:10     | Reached skill level 10 in Short Blades
 15181 | D:10     | Reached ***** piety under Zin
 15198 | D:10     | Found a portal to a secret trove of treasure.
 15348 | D:11     | Found a staircase to the Orcish Mines.
 15391 | D:11     | Noticed a cyclops
 15395 | D:11     | Killed a cyclops
 15396 | D:11     | Reached skill level 12 in Stealth
 15402 | D:11     | Noticed Fannar
 15430 | D:11     | Killed Fannar
 15431 | D:11     | Reached skill level 5 in Evocations
 15746 | D:11     | Noticed a brown ugly thing
 15750 | D:11     | Killed a brown ugly thing
 15942 | D:11     | Noticed a two-headed ogre
 15946 | D:11     | Killed a two-headed ogre
 15947 | D:11     | Reached XP level 12. HP: 70/70 MP: 20/20
 16158 | Orc:1    | Entered Level 1 of the Orcish Mines
 16304 | Orc:1    | Reached ****** piety under Zin
 16664 | Orc:1    | Found a dark tunnel.
 17042 | Lair:1   | Entered Level 1 of the Lair of Beasts
 17070 | D:10     | Reached skill level 1 in Long Blades
 17279 | D:3      | Bought the +4 skin of Zhor {*Englaciate rC+++ SInv} for 931
                  | gold pieces
 17279 | D:3      | Found the +4 skin of Zhor {*Englaciate rC+++ SInv}
 17570 | Lair:1   | Noticed a five-headed hydra
 17574 | Lair:1   | Killed a five-headed hydra
 18856 | Lair:2   | Noticed a four-headed hydra
 18862 | Lair:2   | Killed a one-headed hydra
 18863 | Lair:2   | Reached XP level 13. HP: 66/77 MP: 22/22
 18900 | Lair:2   | Noticed Sonja
 18903 | Lair:2   | Killed Sonja
 18919 | Lair:2   | Identified the +2 trident of Abomination {holy, rPois
                  | Stlth+}
 19061 | Lair:2   | Noticed an eight-headed hydra
 19065 | Lair:2   | Killed an eight-headed hydra
 19066 | Lair:2   | Reached skill level 10 in Dodging
 19450 | Lair:3   | Reached skill level 13 in Stealth
 19478 | Lair:3   | Noticed a six-headed hydra
 19497 | Lair:3   | Killed a one-headed hydra
 19579 | Lair:3   | Noticed Urug
 19583 | Lair:3   | Killed Urug
 19584 | Lair:3   | Reached skill level 14 in Stealth
 19957 | Lair:3   | Found a hole to the Spider Nest.
 20121 | Lair:3   | Reached skill level 15 in Stealth
 20141 | Lair:3   | You fall into a shaft and drop 2 floors!
 20648 | Lair:2   | Identified a scroll of acquirement
 20648 | Lair:2   | Acquired 759 gold pieces
 20732 | Lair:4   | Noticed a five-headed hydra
 20736 | Lair:4   | Killed a five-headed hydra
 21403 | Lair:4   | Found a staircase to the Swamp.
 21840 | Lair:5   | Reached XP level 14. HP: 84/84 MP: 24/24
 21860 | Lair:5   | Identified the +5 long sword "Sadgh" {speed, Drain rElec
                  | rF+++ Str+3}
 21862 | Lair:5   | Identified the +10 whip "Coggaipo" {distort, Fly rF+ Int+4}
 22007 | Lair:5   | Found a runed translucent door.
 22009 | Lair:5   | Noticed Hairutzoic's ghost (journeyman MiBe)
 22010 | Lair:5   | Found the +7 Kryia's mail coat {PotionHeal*2 rC+}
 22693 | Lair:6   | Entered Level 6 of the Lair of Beasts
 22716 | Lair:6   | Found a frozen archway.
 22763 | IceCv    | Entered an ice cave
 23643 | IceCv    | Reached skill level 15 in Invocations
 24118 | IceCv    | Reached skill level 5 in Long Blades
 24478 | IceCv    | Found an ancient bone altar of Kikubaaqudgha.
 24581 | IceCv    | Identified the ring of Wuhungaf {rF++ rN+ Slay+3}
 24973 | Lair:6   | Found a runed translucent door.
 24973 | Lair:6   | Found a viscous altar of Jiyva.
 24973 | Lair:6   | Noticed an acid blob
 24976 | Lair:6   | Found a staircase to the Slime Pits.
 24976 | Lair:6   | Noticed an acid blob
 25008 | Lair:6   | Found the ring of the Tortoise {AC+8}
 25908 | Lair:6   | Reached XP level 15. HP: 81/89 MP: 26/26
 26382 | Lair:6   | Found a corrupted altar of Lugonu.
 26385 | Lair:6   | Found a one-way gate to the infinite horrors of the Abyss.
 26394 | Lair:6   | Learned a level 2 spell: Ensorcelled Hibernation
 26398 | Lair:6   | Learned a level 3 spell: Tukima's Dance
 26771 | D:8      | Killed stickyfingers's ghost
 26889 | D:12     | Reached skill level 1 in Spellcasting
 26889 | D:12     | Reached skill level 1 in Hexes
 26960 | D:12     | Found a hide-covered altar of Uskayaw.
 27206 | D:12     | Reached skill level 10 in Fighting
 27341 | D:12     | Found Cuuwat's General Store.
 27348 | D:12     | Bought a scroll of identify for 22 gold pieces
 27555 | Orc:2    | Entered Level 2 of the Orcish Mines
 27617 | Orc:2    | Noticed Rupert
 27623 | Orc:2    | Killed Rupert
 28269 | Orc:2    | Found Jexzexyc's Armour Emporium.
 28384 | Orc:2    | Found Veenioth's Distillery.
 28406 | Orc:2    | Reached skill level 1 in Ice Magic
 28744 | Orc:2    | Found a staircase to the Elven Halls.
 28866 | Orc:2    | Got Cischessi's Volume of Bewitching Conjuration
 28987 | Orc:2    | Reached XP level 16. HP: 92/97 MP: 27/27
 29034 | Orc:2    | Noticed Nessos
 29080 | Orc:2    | Reached skill level 5 in Hexes
 29084 | Orc:2    | Found Guvuzxut's Assorted Antiques.
 29175 | Orc:2    | Killed Nessos
 29251 | Orc:2    | Found Pysiel's Distillery.
 29608 | Orc:2    | Bought a potion of heal wounds for 80 gold pieces
 29608 | Orc:2    | Bought a potion of heal wounds for 80 gold pieces
 29608 | Orc:2    | Bought 2 potions of heal wounds for 160 gold pieces
 29635 | Orc:2    | Bought a scroll of fear for 73 gold pieces
 29635 | Orc:2    | Bought a scroll of blinking for 157 gold pieces
 29901 | D:13     | Found a gate to the Vaults.
 31239 | D:14     | Found Nuzoi's Antique Armour Shop.
 31352 | D:14     | Reached skill level 16 in Stealth
 31943 | D:15     | Entered Level 15 of the Dungeon
 32177 | D:15     | Reached skill level 17 in Stealth
 32737 | D:15     | Reached skill level 18 in Stealth
 32948 | D:15     | Found a broken altar of Ashenzari.
 33114 | D:15     | Reached XP level 17. HP: 89/102 MP: 18/28
 33191 | D:15     | Found a staircase to the Depths.
 33781 | Swamp:1  | Entered Level 1 of the Swamp
 33889 | Swamp:1  | Paralysed by a fenstrider witch for 6 turns
 33893 | Swamp:1  | HP: 1/102 [six-headed hydra (9)]
 33893 | Swamp:1  | Zin protects you from harm!
 33893 | Swamp:1  | Mangled by a six-headed hydra

Illustrated notes

Levels and vault maps discovered:
D:1:      elethiomel_arrival_shortcut, layout_basic
D:2:      layout_loops_corners, basic_altar,
          shapermc_ecumenical_altar_mp_vishouse
D:3:      layout_basic, serial_shops, shop, uniq_jessica
D:4:      gammafunk_cloud_chamber, layout_cave_pools, old_standard_altar,
          uniq_ijyb, uniq_grinder
D:5:      layout_loops_cross
D:6:      layout_basic, minmay_temple_entry_waves
D:7:      layout_gridville, kennysheep_cluttered_room
D:8:      layout_loops_corners, gammafunk_ghost_icy, serial_glass,
          glass_columns_a, glass_columns_b, glass_columns_a, glass_columns_a,
          glass_columns_c, glass_columns_b
D:9:      layout_roguey
D:10:     layout_rooms, grunt_lair_entry_orc_guard_hut, enter_trove_6,
          minmay_guarded_unrand_finisher
D:11:     layout_roguey, david_orc_2, uniq_fannar
D:12:     layout_rooms, serial_shops, nicolae_shop_trees,
          minmay_misc_feat_four_crosses, nicolae_uskayaw_dance_hall
D:13:     layout_loops_ring, david_vaults_1
D:14:     layout_loops_corners, serial_shops, nicolae_square_shop
D:15:     grunt_enter_depths_snipers, layout_long_grid, ashenzari_altar_1,
          minmay_rotating_lava
Temple:   regret_index_temple_sigil_plot
Lair:1:   layout_roguey, dpeg_stationary_puzzle, grunt_megastairs_5
Lair:2:   layout_roguey, roderic_carrion_pond, grunt_megastairs_3, uniq_sonja
Lair:3:   layout_gridlike, nicolae_spider_entry_orb_guardian, uniq_urug
Lair:4:   layout_gridlike, swamp_mist_pool, chequers_serial_rivers_marsh
Lair:5:   dpeg_oklob_gauntlet, layout_small_grid, ebering_ghost_inner_flame
Lair:6:   hellmonk_lair_end_abyssal_woods, layout_regular_city, slime_altar_2,
          portal_ice_cave_entry_ice_simulacra, infiniplex_staircase_pool
Swamp:1:  layout_basic_swamp, evilmike_swamp_ruin_house_6,
          nicolae_swamp_dense_foliage
Orc:1:    layout_diamond_mine, basic_altar, special_room [special_room_bee],
          nicolae_volcano_entry_hallway
Orc:2:    pubby_orc_utopia, uniq_rupert, uniq_nessos

Skill      XL: |  1  2  3  4  5  6  7  8  9 10 11 12 13 14 15 16 17 |
---------------+----------------------------------------------------+-----
Fighting       | 4 5 6 7 8 10 | 10.0
Short Blades   | 3 4 7 8 9 10 | 10.0
Stealth        | 7 8 10 11 12 15 18 | 18.0
Invocations    | 4 5 6 8 10 11 12 13 15 | 15.0
Evocations     | 3 4 6 8 9 |  9.3
Dodging        | 4 6 8 9 10 12 | 12.0
Shields        | 2 4 |  4.0
Long Blades    | 4 7 9 |  9.1
Spellcasting   | 3 4 |  4.0
Hexes          | 4 8 |  8.0
Ice Magic      | 2 3 4 |  4.0

Action                   |  1- 3 |  4- 6 |  7- 9 | 10-12 | 13-15 | 16-18 || total
-------------------------+-------+-------+-------+-------+-------+-------++-------
Melee: Short sword       |   100 |    60 |       |       |       |       ||   160
       Dagger            |       |    84 |   366 |   871 |   482 |   105 ||  1908
       Scimitar          |       |       |     9 |   104 |  1041 |   409 ||  1563
Throw: Dart              |       |       |       |       |    18 |     1 ||    19
       Boomerang         |       |       |       |       |     1 |       ||     1
 Cast: Ensorcelled Hiber |       |       |       |       |       |    56 ||    56
       Tukima's Dance    |       |       |       |       |       |     3 ||     3
Invok: Recite            |       |       |    12 |     1 |    28 |    11 ||    52
       Vitalisation      |       |       |       |     4 |     1 |     1 ||     6
       Sanctuary         |       |       |       |       |     1 |       ||     1
Evoke: Wand              |       |     4 |     9 |     8 |    12 |     5 ||    38
       Phantom mirror    |       |       |       |       |       |     1 ||     1
  Use: Scroll            |     3 |     2 |     6 |     4 |    11 |     2 ||    28
       Potion            |     1 |       |     1 |       |     2 |       ||     4
 Stab: Sleeping          |    20 |    19 |    21 |    47 |    68 |    47 ||   222
       Distracted        |       |     1 |     4 |     5 |     6 |     6 ||    22
       Confused          |       |       |     1 |       |    10 |     3 ||    14
       Paralysed         |       |       |       |       |    15 |     4 ||    19
       Invisible         |       |       |       |       |     1 |     5 ||     6
Armor: Leather armour    |    15 |    39 |    46 |       |       |       ||   100
       Skin              |    24 |       |       |       |       |       ||    24
       Ring mail         |       |       |    16 |   145 |       |       ||   161
       Animal skin       |       |       |       |    20 |   211 |    91 ||   322
Dodge: Dodged            |    33 |    79 |   172 |   482 |  1038 |   366 ||  2170
Block: Buckler           |       |       |       |   177 |   481 |   158 ||   816
       Reflection        |       |       |       |       |     1 |     3 ||     4
       Rpst.: Scimitar   |       |       |     3 |    23 |   217 |    81 ||   324
